 Dungeon Crawl Stone Soup version 0.29-a0-1027-gcd8c55af63 (webtiles) character file.

Game seed: 2923698577148493702

221 GreenGift the Firebug (level 5, -3/38 HPs)
             Began as a Draconian Fire Elementalist on Aug 12, 2022.
             Slain by an orc wizard
             ... wielding a +0 dagger
              (4 damage)
             ... on level 3 of the Dungeon.
             The game lasted 00:38:21 (4439 turns).

GreenGift the Firebug (Draconian Fire Elementalist) Turns: 4439, Time: 00:38:21

Health: -3/38      AC:  5    Str: 10    XL:     5   Next: 65%
Magic:  2/9        EV: 16    Int: 17    God:
Gold:   101        SH:  0    Dex: 12    Spells: 3/9 levels left

rFire   . . .      SeeInvis .   d - +1 short sword (venom)
rCold   . . .      Faith    .   (no shield)
rNeg    + . .      Spirit   .   (body armour unavailable)
rPois   .          Reflect  .   (helmet restricted)
rElec   .          Harm     .   (no cloak)
rCorr   .          Rampage  .   (no gloves)
Will    .....                   (no boots)
Stlth   ++........              (no amulet)
HPRegen 0.12/turn               j - ring of positive energy
MPRegen 0.11/turn               q - +4 ring of evasion

@: no status effects
A: AC +5, unfitting armour, cold-blooded
a: no special abilities


You were on level 3 of the Dungeon.
You visited 1 branch of the dungeon, and saw 3 of its levels.

You collected 123 gold pieces.
You spent 22 gold pieces at shops.

Inventory:

Hand Weapons
 b - a +0 club
 d - a +1 short sword of venom (weapon)
Armour
 e - a +0 ring mail
 g - a +0 robe
Jewellery
 a - a +6 ring of strength
 j - a ring of positive energy (left hand)
 q - a +4 ring of evasion (right hand)
Scrolls
 l - a scroll of teleportation
 r - a scroll of enchant weapon
Potions
 c - 4 potions of curing
 f - 2 potions of attraction {unknown}
 h - a potion of invisibility {unknown}
 i - 2 potions of degeneration {unknown}
 k - 3 potions of resistance {unknown}
 m - a potion of mutation {unknown}
 n - a potion of heal wounds {unknown}
 p - a potion of lignification {unknown}


   Skills:
 + Level 2.7 Dodging
 + Level 3.0 Stealth
 + Level 2.9 Spellcasting
 + Level 2.4 Conjurations
 * Level 4.2 Fire Magic


You had 3 spell levels left.
You knew the following spells:

 Your Spells              Type           Power      Damage    Failure   Level
a - Foxfire               Conj/Fire      52%        2x1d6     4%          1
b - Scorch                Fire           32%        2d6       4%          2
c - Inner Flame           Hex/Fire       9%         N/A       22%         3

Your spell library contained the following spells:

 Spells                   Type           Power      Damage    Failure   Level
 Conjure Flame            Conj/Fire      13%        6-21      14%         3
 Flame Wave               Conj/Fire      13%        2d6       41%         4
 Fulminant Prism          Conj/Hex       3%         3d6       71%         4
 Leda's Liquefaction      Hex/Erth       1%         N/A       87%         4
 Silence                  Hex/Air        1%         N/A       99%         5
 Dispersal                Tloc           1%         N/A       100%        6
 Disjunction              Tloc           1%         N/A       100%        8


Dungeon Overview and Level Annotations

Branches:
Dungeon (3/15)

Altars:
Kikubaaqudgha

Shops:
D:2 [[:*   D:3 [

Annotations:
D:2 Robin


Innate Abilities, Weirdness & Mutations

Your plain brown scales are hard. (AC +5)
You cannot fit into any form of body armour.
You are cold-blooded and may be slowed by cold attacks.


Message History

You kill the orc!
The orc priest looks braver for a moment.
You closely miss something. Something hits you.
You hit the orc priest.
The orc priest is poisoned.
The orc priest is lightly wounded.
The orc priest mumbles some strange prayers to Beogh against you.
Beogh smites you!
* * * LOW HITPOINT WARNING * * *
Something hits you but does no damage.
Casting: Scorch (safe; 4% risk of failure)
Confirm with . or Enter, or press ? or * to list all spells.
Flames lash something.
The orc priest barely misses you. Something barely misses you.
Casting: Scorch (safe; 4% risk of failure)
Confirm with . or Enter, or press ? or * to list all spells.
You don't have enough magic to cast this spell.
You hit the orc priest.
The orc priest is heavily wounded.
The orc priest invokes the aid of Beogh against you.
You barely resist. Something hits you but does no damage.
You hit the orc priest.
You kill the orc priest!
Something hits you but does no damage.
Your Stealth skill increases to level 3!
Something hits you.
* * * LOW HITPOINT WARNING * * *
Your magical contamination has completely faded away.
Things that are here:
a +0 hand axe; a scroll labelled WES LIEWKYV; an orc corpse You are too injured to fight recklessly!
You are too injured to fight recklessly!
You start resting.
Something hits you but does no damage.
You start resting.
Something hits you.
* * * LOW HITPOINT WARNING * * *
Something hits you.
* * * LOW HITPOINT WARNING * * *
You are too injured to fight recklessly!
Something hits you but does no damage. Something hits you.
You die...

#..##########..#
#<..# #.>## #..##
#####... #...#### #.#
##.....## ##.....##
#.# #..######
#.###..# #.######.##
##. #.# ##.#
#.##.....# ##.. #.#
#)####.#..########..#
#.# #.)..#†#.##
##...## #.#
####@#...# ####..###
#.# #.)..####....##
###.#######...##
#..####
#......#..)....# #.##
#........####..# #.#
##### #...<...##
#..###.# #....
#.>....## #......#
#.... #..)...#
#.##...#####....
#......#
#....#..........


There were no monsters in sight!

Vanquished Creatures
  An orc priest (D:3)
  Jessica (D:3)
  An orc wizard (D:3)
  5 adders
  2 gnolls (D:1)
  2 worms (D:2)
  A dart slug (D:3)
  4 orcs (D:3)
  4 endoplasms
  10 goblins
  7 hobgoblins
  3 jackals (D:1)
  4 kobolds
  3 quokkas
  3 ball pythons
  4 bats
  2 frilled lizards
  10 rats
67 creatures vanquished.

Vanquished Creatures (others)
  151 foxfires
151 creatures vanquished.

Grand Total: 218 creatures vanquished

Notes
Turn   | Place    | Note
-------+----------+-------------------------------------------
     0 | D:1      | GreenGift the Draconian Fire Elementalist began the quest
                  | for the Orb.
     0 | D:1      | Reached XP level 1. HP: 14/14 MP: 3/3
    16 | D:1      | Reached XP level 2. HP: 2/20 MP: 0/5
  1082 | D:1      | Learned a level 2 spell: Scorch
  1140 | D:1      | Reached XP level 3. HP: 26/26 MP: 1/6
  1266 | D:1      | Got the Vellum of Execration
  1271 | D:1      | Learned a level 3 spell: Inner Flame
  1567 | D:2      | Found Ros Vuq's Antique Armour Emporium.
  1611 | D:2      | Found an ancient bone altar of Kikubaaqudgha.
  1620 | D:2      | Found a faded altar of an unknown god.
  1685 | D:2      | Found Ferchobuu's Antique Armour Shop.
  1832 | D:2      | Reached XP level 4. HP: 26/33 MP: 5/7
  2355 | D:2      | Found Kiops's Book Boutique.
  2539 | D:2      | Found Arilu's Assorted Antiques.
  2543 | D:2      | Noticed Robin
  3114 | D:2      | Bought a scroll labelled MIONUA WAETE for 22 gold pieces
  3436 | D:3      | Noticed Jessica
  3440 | D:3      | Killed Jessica
  3604 | D:3      | Found Viull's Antique Armour Shoppe.
  3627 | D:3      | Reached XP level 5. HP: 38/38 MP: 3/9
  3632 | D:3      | Identified the +1 robe of the Snail {Drain Int+4}
  3742 | D:3      | HP: 1/38 [orc wizard/+0 dagger (3)]
  3744 | D:3      | Reached skill level 4 in Fire Magic
  4437 | D:3      | HP: 1/38 [something (1)]
  4439 | D:3      | Slain by an orc wizard

Illustrated notes

Levels and vault maps discovered:
D:1:      dpeg_arrival_ratfight, layout_basic
D:2:      layout_rooms, serial_shops, shop_fountains, shop,
          nicolae_shop_advertising_works [nicolae_subvault_shop_adworks],
          shop_statue, basic_ecumenical_altar, basic_altar, uniq_robin
D:3:      layout_rooms, serial_shops, shop, uniq_jessica

Skill      XL: |  1  2  3  4  5 |
---------------+----------------+-----
Stealth        | 2 3 |  3.0
Dodging        | 2 |  2.7
Conjurations   | 2 |  2.4
Fire Magic     | 4 |  4.2
Spellcasting   | |  2.9

Action                   |  1- 3 |  4- 6 || total
-------------------------+-------+-------++-------
Melee: Unarmed           |     2 |       ||     2
       Tailslap          |     6 |       ||     6
       Club              |    17 |       ||    17
       Short sword       |    20 |    27 ||    47
 Cast: Foxfire           |    41 |    69 ||   110
       Scorch            |     4 |     9 ||    13
       Inner Flame       |     3 |     2 ||     5
Evoke: Wand              |       |     7 ||     7
  Use: Scroll            |     3 |     4 ||     7
       Potion            |     1 |       ||     1
Armor: Skin              |    18 |    29 ||    47
Dodge: Dodged            |    43 |    54 ||    97

Table legend: (Time is in decaauts)
 A = Elapsed time spent in this place.
 B = Non-inter-level travel time spent in this place.
 C = Inter-level travel time spent in this place.
 D = Time resting spent in this place.
 E = Time spent auto-exploring this place.
 F = Levels seen in this place.
 G = Mean time per level.
                   A        B        C        D        E       F      G
               +--------+--------+--------+--------+--------+-----+--------+
         Total |   4446 |   4420 |     26 |   2269 |    188 |   3 | 1482.0 |
       Dungeon |   4446 |   4420 |     26 |   2269 |    188 |   3 | 1482.0 |
               +--------+--------+--------+--------+--------+-----+--------+

Top non-repeatable levels by time:
     D:2: 1787 daAuts
     D:1: 1656 daAuts
     D:3: 1003 daAuts
